 Dungeon Crawl Stone Soup version 0.28-a0-297-g99b01970c5 (webtiles) character file.

Game seed: 9087936301034691008

2536 Gargoyl the Skirmisher (level 9, 0/74 HPs)
             Began as a Gnoll Abyssal Knight on Aug 29, 2021.
             Was a Priest of Lugonu.
             Slain by a gnoll sergeant (1 damage)
             ... on level 7 of the Dungeon.
             The game lasted 00:07:36 (7909 turns).

Gargoyl the Skirmisher (Gnoll Abyssal Knight)       Turns: 7909, Time: 00:07:37

Health: 0/74       AC: 15    Str: 22    XL:     9   Next: 55%
Magic:  15/15      EV:  5    Int: 11    God:    Lugonu [***...]
Gold:   325        SH:  8    Dex:  9    Spells: 16/16 levels left

rFire   + . .      SeeInvis .   q - +7 rapier of Zoinelet {vorpal, rF+ rCorr Str+6 Dex-2}
rCold   . . .      Faith    .   g - +0 kite shield
rNeg    + . .      Spirit   .   c - +0 plate armour
rPois   .          Reflect  .   m - +1 helmet
rElec   .          Harm     .   (no cloak)
rCorr   +          Rampage  .   (no gloves)
Will    .....                   (no boots)
Stlth   ..........              (no amulet)
HPRegen 0.22/turn               d - ring of resist corrosion
MPRegen 0.14/turn               b - ring of positive energy

@: no status effects
A: fangs 1, strong nose, distributed training
a: Renounce Religion, Depart the Abyss, Bend Space, Banish


You were on level 7 of the Dungeon.
You worshipped Lugonu.
Lugonu was most pleased with you.
You visited 1 branch of the dungeon, and saw 7 of its levels.
You visited the Abyss 1 time.

You collected 325 gold pieces.

Inventory:

Hand Weapons
 a - a +1 hand axe
 h - a +2 hand axe of draining
 q - the +7 rapier of Zoinelet (weapon) {vorpal, rF+ rCorr Str+6 Dex-2}
   (You found it on level 4 of the Dungeon)

   It inflicts extra damage upon your enemies.
   Str:       It affects your strength (+6).
   Dex:       It affects your dexterity (-2).
   rF:        It protects you from fire.
   rCorr:     It protects you from acid and corrosion.
Missiles
 f - 42 poisoned darts (quivered)
Armour
 c - a +0 plate armour (worn)
 g - a +0 kite shield (worn)
 m - a +1 helmet (worn)
Jewellery
 b - a ring of positive energy (right hand)
 d - a ring of resist corrosion (left hand)
Wands
 p - a wand of paralysis (8)
Scrolls
 j - a scroll of teleportation
 k - a scroll of blinking
 o - a scroll of fear
Potions
 e - a potion of invisibility
 i - a potion of experience
 l - 4 potions of curing
 n - a potion of flight
 r - 2 potions of mutation {unknown}


   Skills:
 + Level 7.9 Fighting
 + Level 4.3 Short Blades
 + Level 4.3 Long Blades
 + Level 6.4 Axes
 + Level 4.3 Maces & Flails
 + Level 4.3 Polearms
 + Level 4.3 Staves
 + Level 4.3 Slings
 + Level 4.3 Bows
 + Level 4.3 Crossbows
 + Level 4.3 Throwing
 + Level 6.4 Armour
 + Level 5.1 Dodging
 + Level 4.3 Stealth
 + Level 4.3 Shields
 + Level 4.3 Unarmed Combat
 + Level 4.3 Spellcasting
 + Level 3.6 Conjurations
 + Level 3.6 Hexes
 + Level 3.6 Summonings
 + Level 3.6 Necromancy
 + Level 3.6 Translocations
 + Level 3.6 Transmutations
 + Level 3.6 Fire Magic
 + Level 3.6 Ice Magic
 + Level 3.6 Air Magic
 + Level 3.6 Earth Magic
 + Level 3.6 Poison Magic
 + Level 6.7 Invocations
 + Level 4.3 Evocations


You had 16 spell levels left.
You didn't know any spells.
Your spell library contained the following spells:

 Spells                   Type           Power      Damage    Failure   Level
 Beastly Appendage        Tmut           20%        N/A       98%         1
 Corona                   Hex            11%        N/A       98%         1
 Ensorcelled Hibernation  Hex/Ice        20%        N/A       99%         2
 Wereblood                Tmut           10%        N/A       99%         2
 Spider Form              Tmut/Pois      5%         N/A       100%        3
 Summon Guardian Golem    Hex/Summ       10%        N/A       100%        3
 Tukima's Dance           Hex            10%        N/A       100%        3
 Summon Mana Viper        Hex/Summ       10%        N/A       100%        5
 Shadow Creatures         Summ           N/A        N/A       100%        6
 Orb of Destruction       Conj           5%         9d2       100%        7
 Spellforged Servitor     Conj/Summ      5%         N/A       100%        7


Dungeon Overview and Level Annotations

Branches:
Dungeon (7/15)             Temple (0/1) D:5

Altars:
Ashenzari
Cheibriados
Fedhas
Hepliaklqana
Nemelex Xobeh

Shops:
D:4 :


Innate Abilities, Weirdness & Mutations

You have very sharp teeth.
Your uncanny sense of smell can sniff out nearby items.
Your experience applies equally to all skills.


Message History

The gnoll is severely wounded.
The gnoll sergeant hits you but does no damage.
You block the gnoll's attack. The gnoll hits you but does no damage.
The gnoll closely misses you.
You hit the gnoll.
You kill the gnoll!
Lugonu accepts your kill.
The gnoll sergeant hits you from afar with a +0 spear of flaming.
The gnoll hits you with a +0 spear. The gnoll hits you but does no damage.
The gnoll sergeant hits you from afar with a +0 spear of flaming.
The gnoll hits you from afar with a +0 spear.
You block the gnoll's attack. The gnoll sergeant barely misses you.
There is an open door here.
Items here: )) ††.
The gnoll sergeant blocks your attack.
The gnoll sergeant is lightly wounded.
You block the gnoll's attack. The gnoll hits you but does no damage.
The gnoll sergeant hits you but does no damage.
Unknown command.
You puncture the gnoll sergeant!
The gnoll sergeant is heavily wounded.
The gnoll hits you from afar with a +0 spear!
* * * LOW HITPOINT WARNING * * *
The gnoll barely misses you. The gnoll sergeant barely misses you.
The gnoll hits you from afar with a +0 spear!
* * * LOW HITPOINT WARNING * * *
You hit the gnoll sergeant but do no damage.
You bite the gnoll sergeant.
The gnoll sergeant is severely wounded.
The gnoll hits you but does no damage.
The gnoll sergeant hits you with a +0 spear of flaming.
* * * LOW HITPOINT WARNING * * *
You block the gnoll's attack. The gnoll hits you with a +0 spear.
* * * LOW HITPOINT WARNING * * *
You hit the gnoll sergeant.
The gnoll sergeant is almost dead.
The gnoll sergeant hits you with a +0 spear of flaming.
* * * LOW HITPOINT WARNING * * *
The gnoll sergeant burns you.
You die...

#......###### #'g####..
+......# #g... #......#
#...... #......# #........
####.[....# #........
...........########......##
.......)...#.....#.....####.
...........#.....+...####...
.........gg@g....#.........
...........###'####......#
#+#####+#####....##..[...##
#......#.......#
#......#.......#
#......'.......#
#......#.......#
##########...###. ##'##...


You could see a gnoll sergeant and 2 gnolls.

Vanquished Creatures
  A steam dragon (D:6)
  2 ice beasts
  2 orc warriors (D:6)
  2 necrophages
  2 ogres (D:5)
  3 phantoms
  A scorpion (D:5)
  2 water moccasin skeletons
  5 wights (D:6)
  2 howler monkeys
  A bullfrog zombie (D:5)
  5 hounds
  7 orc priests
  2 gnoll shamans
  A jelly (D:4)
  A bullfrog skeleton (D:6)
  Natasha (twice) (D:2)
  2 centaur skeletons
  An iguana (D:5)
  5 orc wizards
  A hound zombie (D:5)
  A howler monkey zombie (D:5)
  9 gnolls
  7 adders
  2 shadow imps
  2 dart slugs
  18 orcs
  6 ball pythons
  4 bats
  6 endoplasms
  6 giant cockroaches
  5 goblins
  6 hobgoblins
  7 jackals (D:1)
  6 kobolds
  A quokka (D:2)
  A frilled lizard (D:1)
  5 rats
142 creatures vanquished.

Notes
Turn   | Place    | Note
-------+----------+-------------------------------------------
     0 | Abyss:1  | Gargoyl the Gnoll Abyssal Knight began the quest for the
                  | Orb.
     0 | Abyss:1  | Reached XP level 1. HP: 23/23 MP: 3/3
    96 | Abyss:1  | Noticed a spatial maelstrom
    98 | Abyss:1  | Noticed a spatial vortex
   101 | D:1      | Escaped the Abyss
   172 | D:1      | Reached XP level 2. HP: 29/29 MP: 5/5
   575 | D:1      | Reached * piety under Lugonu
   576 | D:1      | Reached XP level 3. HP: 33/35 MP: 6/6
  1805 | D:2      | Noticed Natasha
  1812 | D:2      | Killed Natasha
  1813 | D:2      | Reached skill level 1 in Short Blades
  1813 | D:2      | Reached skill level 1 in Long Blades
  1813 | D:2      | Reached skill level 1 in Maces & Flails
  1813 | D:2      | Reached skill level 1 in Polearms
  1813 | D:2      | Reached skill level 1 in Staves
  1813 | D:2      | Reached skill level 1 in Slings
  1813 | D:2      | Reached skill level 1 in Bows
  1813 | D:2      | Reached skill level 1 in Crossbows
  1813 | D:2      | Reached skill level 1 in Throwing
  1813 | D:2      | Reached skill level 1 in Stealth
  1813 | D:2      | Reached skill level 1 in Shields
  1813 | D:2      | Reached skill level 1 in Unarmed Combat
  1813 | D:2      | Reached skill level 1 in Spellcasting
  1813 | D:2      | Reached skill level 1 in Evocations
  1813 | D:2      | Reached XP level 4. HP: 36/41 MP: 7/7
  1885 | D:2      | Noticed Natasha
  1898 | D:2      | Killed Natasha
  1899 | D:2      | Reached skill level 1 in Conjurations
  1899 | D:2      | Reached skill level 1 in Hexes
  1899 | D:2      | Reached skill level 1 in Summonings
  1899 | D:2      | Reached skill level 1 in Necromancy
  1899 | D:2      | Reached skill level 1 in Translocations
  1899 | D:2      | Reached skill level 1 in Transmutations
  1899 | D:2      | Reached skill level 1 in Fire Magic
  1899 | D:2      | Reached skill level 1 in Ice Magic
  1899 | D:2      | Reached skill level 1 in Air Magic
  1899 | D:2      | Reached skill level 1 in Earth Magic
  1899 | D:2      | Reached skill level 1 in Poison Magic
  2335 | D:3      | Reached XP level 5. HP: 33/47 MP: 8/8
  3128 | D:4      | Noticed a necrophage
  3152 | D:3      | Killed a necrophage
  3153 | D:3      | Reached skill level 5 in Axes
  3153 | D:3      | Reached skill level 5 in Armour
  3153 | D:3      | Reached skill level 5 in Invocations
  3153 | D:3      | Reached XP level 6. HP: 22/53 MP: 9/9
  3499 | D:4      | Found a snail-covered altar of Cheibriados.
  3549 | D:4      | Found a blossoming altar of Fedhas.
  3718 | D:4      | Reached ** piety under Lugonu
  3944 | D:4      | Identified the +7 rapier of Zoinelet {vorpal, rF+ rCorr
                  | Str+6 Dex-2}
  4050 | D:4      | Found Soylit's Book Boutique.
  4281 | D:5      | Entered Level 5 of the Dungeon
  4402 | D:5      | Reached XP level 7. HP: 59/59 MP: 10/10
  4508 | D:5      | Reached skill level 7 in Fighting
  4757 | D:5      | Found a broken altar of Ashenzari.
  4797 | D:5      | Found a sparkling altar of Nemelex Xobeh.
  4829 | D:5      | Reached XP level 8. HP: 50/67 MP: 12/12
  5524 | D:5      | Found a staircase to the Ecumenical Temple.
  6138 | D:6      | Reached XP level 9. HP: 60/73 MP: 14/14
  6220 | D:6      | Got Ozeharph's Collected Works on Creation
  6766 | D:6      | Reached skill level 5 in Dodging
  7256 | D:6      | Reached *** piety under Lugonu
  7704 | D:7      | Found a hazy altar of Hepliaklqana.
  7909 | D:7      | HP: 1/74 [gnoll sergeant (4)]
  7909 | D:7      | Slain by a gnoll sergeant

Illustrated notes

Levels and vault maps discovered:
D:1:      erik_arrival_cave_to_civilisation [erik_arrival_cave_to_hall],
          layout_basic
D:2:      layout_loops_corners, uniq_natasha
D:3:      layout_rooms
D:4:      layout_basic, fedhas_altar_2, cheibriados_altar_1, serial_shops, shop,
          dk_noncrumbling_3, kennysheep_generic_room_14
D:5:      layout_gridville, nicolae_ashenzari_skybound,
          nemelex_xobeh_ov_fountains_minmay, temple_green
D:6:      layout_basic
D:7:      layout_gridville, nicolae_hepliaklqana_hazy_memory, serial_shops,
          kennysheep_little_box, minmay_misc_feat_x, uniq_duvessa

Skill      XL: |  1  2  3  4  5  6  7  8  9 |
---------------+----------------------------+-----
Short Blades   | 1 2 3 4 |  4.3
Long Blades    | 1 2 3 4 |  4.3
Maces & Flails | 1 2 3 4 |  4.3
Polearms       | 1 2 3 4 |  4.3
Staves         | 1 2 3 4 |  4.3
Slings         | 1 2 3 4 |  4.3
Bows           | 1 2 3 4 |  4.3
Crossbows      | 1 2 3 4 |  4.3
Throwing       | 1 2 3 4 |  4.3
Stealth        | 1 2 3 4 |  4.3
Shields        | 1 2 3 4 |  4.3
Unarmed Combat | 1 2 3 4 |  4.3
Spellcasting   | 1 2 3 4 |  4.3
Evocations     | 1 2 3 4 |  4.3
Conjurations   | 1 2 3 |  3.6
Hexes          | 1 2 3 |  3.6
Summonings     | 1 2 3 |  3.6
Necromancy     | 1 2 3 |  3.6
Translocations | 1 2 3 |  3.6
Transmutations | 1 2 3 |  3.6
Fire Magic     | 1 2 3 |  3.6
Ice Magic      | 1 2 3 |  3.6
Air Magic      | 1 2 3 |  3.6
Earth Magic    | 1 2 3 |  3.6
Poison Magic   | 1 2 3 |  3.6
Dodging        | 3 4 5 |  5.1
Axes           | 5 6 |  6.4
Armour         | 5 6 |  6.4
Invocations    | 5 6 |  6.7
Fighting       | 7 |  7.9

Action                   |  1- 3 |  4- 6 |  7- 9 || total
-------------------------+-------+-------+-------++-------
Melee: Hand axe          |    84 |   147 |       ||   231
       Bite              |     3 |    11 |    27 ||    41
       Rapier            |       |    15 |   207 ||   222
Throw: Dart              |       |     2 |     9 ||    11
Invok: Depart the Abyss  |     1 |       |       ||     1
  Use: Scroll            |       |     8 |     4 ||    12
Armor: Plate armour      |    92 |   137 |   137 ||   366
Dodge: Dodged            |    19 |    19 |    44 ||    82
Block: Kite shield       |     5 |    80 |   101 ||   186

Table legend: (Time is in decaauts)
 A = Elapsed time spent in this place.
 B = Non-inter-level travel time spent in this place.
 C = Inter-level travel time spent in this place.
 D = Time resting spent in this place.
 E = Time spent auto-exploring this place.
 F = Levels seen in this place.
 G = Mean time per level.
                   A        B        C        D        E       F      G
               +--------+--------+--------+--------+--------+-----+--------+
         Total |   8038 |   7779 |    259 |    874 |   5442 |   8 | 1004.8 |
       Dungeon |   7937 |   7678 |    259 |    874 |   5349 |   7 | 1133.9 |
         Abyss |    101 |    101 |      0 |      0 |     93 |   1 |  101.0 |
               +--------+--------+--------+--------+--------+-----+--------+

Top non-repeatable levels by time:
     D:6: 1663 daAuts
     D:4: 1294 daAuts
     D:5: 1182 daAuts
     D:3: 1146 daAuts
     D:2: 1098 daAuts
     D:1: 1013 daAuts
     D:7: 538 daAuts
 Abyss:1: 101 daAuts
